Map: Complesso Moebius XX-1

Players

Gnu

  • Race: Zerg Zerg
  • League: Gold

tommie

  • Race: Protoss Protoss

Arcia

  • Race: Protoss Protoss

maddy

  • Race: Protoss Protoss

WolfMan - Winner!

  • Race: Zerg Zerg

Kiko - Winner!

  • Race: Protoss Protoss

Jhyrachy - Winner!

  • Race: Zerg Zerg
  • League: Gold

leto - Winner!

  • Race: Terran Terran

VOD

Have the link to the VOD?

Description

Time

  • Played on: May 26, 2016, 7:44 a.m.
  • Length: 12:53
Show
View Real Time Build Order
Export as new Build Order

Gnu Zerg 

Build Orders: Pool First 

Get SALT Encoding   

  12  0:02  Drone  
  13  0:08  Drone  
  14  0:20  Extractor  
  13  0:22  Drone  
  13  0:23  Extractor, Drone  
  16  0:29  Overlord  
  16  0:48  Extractor  
  16  0:49  Drone  
  16  0:52  Spawning Pool  
  16  0:53  Drone  
  16  1:05  Drone  
  17  1:15  Drone  
  18  1:31  Hatchery  
  18  1:51  Queen  
  18  1:52  Drone x2  
  22  1:55  Hatchery  
  21  2:02  Metabolic Boost  
  21  2:06  Overlord  
  21  2:19  Zergling x2, Baneling Nest  
  21  2:28  Zergling x4  
  23  2:36  Spore Crawler  
  22  2:42  Zergling x2  
  23  2:49  Zergling x2  
  24  2:57  Queen  
  26  3:01  Zergling x2  
  27  3:07  Overlord  
  27  3:10  Zergling x4  
  27  3:12  Zergling x2  
  30  3:30  Zergling x6  
  33  3:39  Baneling x3  
  33  3:40  Baneling  
  33  3:43  Baneling  
  33  3:47  Zergling x4  
  33  3:48  Zergling x4  
  36  4:11  Zergling x10  
  26  5:06  Spore Crawler  
  11  5:14  Drone x4  
  11  5:15  Drone x4  
  16  5:29  Spore Crawler  
  16  5:35  Spore Crawler  
  12  5:50  Spore Crawler  
  12  5:51  Spore Crawler  
  10  5:59  Queen  
  12  6:05  Drone x2  
  14  6:24  Spore Crawler, Drone x2  
  15  6:40  Lair  
  15  6:51  Drone x2  
  17  7:06  Drone  
  18  7:13  Drone x5  
  23  7:29  Drone  
  24  7:30  Drone x3  
  24  7:34  Drone x2  
  29  7:51  Hatchery, Drone x2  
  30  8:00  Drone x3  
  33  8:12  Queen  
  33  8:14  Spore Crawler  
  33  8:18  Spore Crawler  
  33  8:33  Extractor  
  32  8:34  Extractor  
  31  8:56  Hatchery, Overlord x3  
  30  9:06  Spire  
  29  9:37  Drone x3  
  32  9:43  Drone x2  
  32  9:44  Drone x5  
  39  9:53  Extractor  
  39  9:54  Queen  
  40  10:12  Spore Crawler  
  39  10:14  Spore Crawler  
  39  10:18  Spore Crawler  
  39  10:20  Spore Crawler  
  37  10:21  Drone x4  
  37  10:22  Drone x4  
  44  10:29  Extractor  
  44  10:32  Mutalisk x3  
  49  10:36  Zerg Flyer Armor Level 1  
  49  10:47  Drone x2  
  49  10:48  Drone  
  52  10:53  Extractor  
  52  10:54  Drone x3  
  52  10:56  Overlord  
  54  11:02  Mutalisk x2  
  58  11:23  Infestation Pit  
  57  11:37  Queen x3  
  57  11:39  Mutalisk  
  63  11:42  Overlord x2  
  62  11:59  Mutalisk x6  
  62  12:13  Mutalisk  
  64  12:21  Spore Crawler  
  64  12:22  Spore Crawler x2  
  55  12:23  Spore Crawler  
  55  12:26  Spore Crawler  
Show
View Real Time Build Order
Export as new Build Order

tommie Protoss 

Build Orders: Oracle Opening 

Get SALT Encoding   

  12  0:02  Probe (Chrono Boost)  
  13  0:12  Probe (Chrono Boost)  
  14  0:25  Pylon  
  14  0:33  Probe (Chrono Boost)  
  15  0:43  Probe (Chrono Boost)  
  15  0:45  Gateway  
  16  0:56  Probe (Chrono Boost)  
  17  0:59  Assimilator  
  17  1:07  Probe (Chrono Boost)  
  18  1:17  Probe (Chrono Boost)  
  19  1:33  Cybernetics Core  
  19  1:37  Pylon  
  19  1:51  Probe (Chrono Boost)  
  19  1:52  Assimilator  
  20  2:01  Probe (Chrono Boost)  
  20  2:05  Forge  
  21  2:12  Probe (Chrono Boost)  
  23  2:23  Probe (Chrono Boost)  
  23  2:27  Stargate  
  23  2:47  Zealot  
  23  2:48  Nexus  
  25  2:52  Pylon  
  25  2:55  Pylon  
  25  3:00  Probe (Chrono Boost)  
  26  3:10  Oracle  
  29  3:33  Photon Cannon  
  29  3:35  Photon Cannon  
  29  3:39  Photon Cannon  
  29  3:56  Void Ray  
  29  4:00  Probe (Chrono Boost)  
  34  4:11  Probe (Chrono Boost)  
  35  4:22  Probe (Chrono Boost)  
  36  4:32  Probe (Chrono Boost)  
  37  4:43  Void Ray  
  41  4:52  Probe (Chrono Boost)  
  42  4:57  Assimilator  
  42  5:03  Probe (Chrono Boost), Stargate  
  43  5:13  Probe (Chrono Boost)  
  44  5:24  Probe (Chrono Boost)  
  44  5:25  Void Ray  
  46  6:22  Phoenix  
  46  6:23  Phoenix  
  50  6:28  Probe (Chrono Boost)  
  51  6:37  Photon Cannon  
  51  6:39  Probe (Chrono Boost)  
  52  6:47  Phoenix x2  
  52  6:49  Probe (Chrono Boost)  
  57  6:58  Protoss Air Weapons Level 1 (Chrono Boost)  
  57  6:59  Probe (Chrono Boost)  
  58  7:09  Probe  
  58  7:12  Phoenix  
  58  7:14  Assimilator  
  61  7:19  Probe  
  61  7:21  Pylon  
  61  7:22  Pylon  
  62  7:23  Pylon  
  62  7:24  Pylon  
  62  7:25  Pylon  
  62  7:27  Pylon  
  62  7:37  Probe  
  62  7:39  Phoenix x2  
  67  7:48  Probe  
  65  7:59  Probe  
  65  8:04  Void Ray x2  
  68  8:09  Probe  
  62  8:20  Probe  
  61  8:47  Phoenix  
  6  10:25  Probe  
  6  10:27  Probe  
  8  10:36  Probe  
  9  10:47  Probe  
  10  10:57  Probe  
Show
View Real Time Build Order
Export as new Build Order

Arcia Protoss 

Build Orders:  

Get SALT Encoding   

  12  0:03  Probe (Chrono Boost)  
  13  0:13  Probe (Chrono Boost)  
  14  0:24  Probe (Chrono Boost)  
  15  0:39  Pylon  
  15  1:01  Gateway  
  15  1:02  Forge  
  15  1:05  Probe (Chrono Boost)  
  16  1:15  Probe (Chrono Boost)  
  17  1:26  Probe (Chrono Boost)  
  18  1:36  Probe (Chrono Boost)  
  19  1:44  Assimilator  
  20  1:47  Probe (Chrono Boost)  
  20  1:48  Assimilator  
  20  1:57  Photon Cannon  
  20  1:58  Pylon  
  20  2:00  Pylon  
  20  2:01  Probe (Chrono Boost)  
  20  2:03  Cybernetics Core  
  20  2:12  Probe (Chrono Boost)  
  21  2:24  Zealot  
  23  2:40  Warp Gate (Chrono Boost)  
  23  2:41  Gateway  
  23  2:43  Photon Cannon  
  23  2:47  Photon Cannon  
  23  2:59  Probe  
  24  3:07  Zealot  
  24  3:10  Pylon  
  24  3:11  Mothership Core  
  28  3:31  Stalker  
  30  3:38  Gateway  
  30  3:47  Stalker  
  32  3:52  Photon Cannon  
  20  4:51  Nexus  
  20  5:13  Stalker  
  22  5:19  Robotics Facility  
  22  5:25  Stalker  
  22  5:28  Stalker  
  23  5:41  Probe  
  24  5:53  Probe  
  25  5:57  Stalker  
  25  5:58  Stalker x2  
  31  6:05  Probe  
  32  6:17  Probe  
  31  6:24  Observer  
  32  6:29  Probe  
  33  6:36  Photon Cannon  
  33  6:41  Probe  
  34  6:54  Probe  
  35  7:06  Probe, Protoss Ground Weapons Level 1 (Chrono Boost)  
  36  7:18  Probe  
  37  7:26  Nexus  
  37  7:51  Pylon  
  37  7:54  Pylon  
  37  8:08  Stalker x2  
  37  8:09  Stalker  
  43  8:14  Twilight Council  
  43  8:34  Stalker  
  43  8:35  Stalker x2  
  49  8:46  Pylon  
  49  8:55  Protoss Ground Armor Level 1 (Chrono Boost)  
  49  9:26  Stalker x3  
  49  9:31  Nexus  
  53  9:51  Blink (Chrono Boost)  
  49  10:06  Pylon  
  49  10:14  Stalker x2  
  51  10:16  Stalker  
  55  10:27  Gateway  
  55  10:48  Probe  
  54  10:58  Probe  
  54  11:00  Protoss Shields Level 1 (Chrono Boost)  
  51  11:09  Probe  
  52  11:20  Assimilator, Probe  
  52  11:22  Assimilator  
  53  11:30  Probe  
  54  11:41  Probe  
  54  11:42  Stalker x4  
  63  11:51  Probe  
  62  12:13  Stalker x4  
  38  12:38  Stalker x4  
Show
View Real Time Build Order
Export as new Build Order

maddy Protoss 

Build Orders:  

Get SALT Encoding   

  12  0:03  Probe (Chrono Boost)  
  13  0:13  Probe (Chrono Boost)  
  14  0:24  Probe (Chrono Boost)  
  15  0:34  Pylon  
  15  0:52  Probe (Chrono Boost)  
  15  0:56  Forge  
  16  1:12  Gateway  
  16  1:16  Pylon  
  16  1:32  Photon Cannon  
  16  1:35  Photon Cannon  
  16  1:40  Assimilator  
  16  1:41  Assimilator  
  16  1:42  Probe (Chrono Boost)  
  17  1:53  Probe (Chrono Boost)  
  18  2:06  Nexus  
  18  2:21  Cybernetics Core  
  18  2:24  Probe (Chrono Boost)  
  19  2:35  Probe (Chrono Boost)  
  20  2:38  Zealot (Chrono Boost)  
  22  2:47  Probe  
  23  2:59  Probe  
  24  3:06  Stargate  
  24  3:11  Probe  
  25  3:23  Probe  
  25  3:25  Probe  
  27  3:38  Protoss Air Weapons Level 1 (Chrono Boost)  
  27  3:47  Nexus  
  27  3:54  Probe  
  27  3:55  Probe  
  28  4:00  Phoenix (Chrono Boost)  
  31  4:14  Probe  
  31  4:15  Probe  
  33  4:27  Probe, Oracle (Chrono Boost)  
  37  4:39  Probe  
  37  4:40  Probe  
  39  4:49  Probe  
  39  4:52  Probe  
  41  5:19  Phoenix (Chrono Boost)  
  43  5:27  Assimilator x2, Pylon  
  43  5:29  Pylon x3  
  43  5:31  Pylon  
  43  5:41  Phoenix (Chrono Boost)  
  43  6:02  Phoenix (Chrono Boost)  
  36  6:19  Protoss Air Armor Level 1 (Chrono Boost)  
  36  6:24  Phoenix (Chrono Boost)  
  38  6:26  Probe  
  39  6:46  Phoenix  
  37  7:12  Phoenix  
  39  7:19  Gateway  
  39  7:20  Gateway  
  39  7:22  Gateway  
  39  7:23  Gateway  
  39  7:24  Gateway  
  39  7:27  Gateway  
  39  7:29  Probe  
  39  7:30  Probe x2, Gateway  
  39  7:32  Gateway  
  42  7:39  Probe  
  41  8:58  Warp Gate (Chrono Boost)  
  41  9:01  Stalker x3 (Chrono Boost)  
  57  9:04  Stalker (Chrono Boost)  
  57  9:05  Stalker (Chrono Boost)  
  57  9:06  Stalker x2 (Chrono Boost)  
  55  9:10  Phoenix  
  43  9:57  Stalker (Chrono Boost)  
  43  9:58  Stalker x2 (Chrono Boost)  
  59  10:00  Stalker x3 (Chrono Boost)  
  59  10:01  Stalker x2 (Chrono Boost)  
  59  10:13  Forge  
  59  10:39  Probe x3  
  62  10:51  Probe x2  
  63  11:24  Probe x3  
  52  11:36  Probe  
  35  11:50  Twilight Council  
  34  12:13  Pylon  
  34  12:15  Pylon  
  34  12:16  Pylon  
  34  12:28  Stalker x6  
  34  12:29  Stalker x3  
Show
View Real Time Build Order
Export as new Build Order

WolfMan Zerg - Winner!

Build Orders: 3 Hatch before Pool 

Get SALT Encoding   

  12  0:34  Drone  
  12  0:35  Drone  
  14  0:46  Hatchery  
  13  0:52  Drone  
  13  0:53  Overlord  
  14  1:17  Drone x2  
  16  1:34  Hatchery  
  15  1:41  Drone x3  
  18  1:54  Spawning Pool  
  18  2:00  Extractor  
  16  2:04  Extractor  
  15  2:17  Hatchery  
  14  2:25  Drone x2  
  14  2:26  Drone  
  17  2:36  Drone  
  17  2:37  Drone x2  
  20  3:01  Drone x4  
  20  3:02  Drone  
  20  3:05  Drone  
  26  3:22  Drone x4  
  26  3:23  Drone  
  31  3:33  Lair  
  31  3:46  Extractor  
  31  3:47  Extractor  
  30  3:48  Drone x2  
  30  3:49  Drone  
  30  3:52  Extractor  
  30  3:54  Extractor  
  30  4:05  Queen  
  30  4:09  Drone x2  
  35  4:10  Drone x4  
  38  4:45  Drone x2  
  40  4:52  Spire  
  39  5:15  Drone  
  39  5:17  Overlord x5  
  39  5:18  Overlord x2  
  40  5:53  Drone x4  
  40  5:54  Drone x3  
  40  5:55  Drone x2  
  40  5:56  Drone  
  50  6:07  Mutalisk  
  50  6:08  Mutalisk x5  
  50  6:09  Mutalisk x2  
  66  6:14  Zerg Flyer Weapons Level 1  
  66  6:25  Spore Crawler  
  65  6:26  Spore Crawler  
  65  6:30  Spore Crawler  
  63  6:34  Mutalisk x3  
  63  6:36  Drone  
  70  6:40  Mutalisk x3  
  70  6:41  Mutalisk  
  70  6:42  Mutalisk  
  70  6:43  Drone  
  70  6:44  Drone  
  80  7:14  Mutalisk  
  80  7:15  Mutalisk x3  
  84  7:17  Overlord  
  84  7:18  Overlord x4  
  84  7:19  Overlord  
  88  7:37  Drone x2  
  90  7:59  Mutalisk x2  
  90  8:00  Mutalisk x3  
  98  8:08  Zerg Flyer Armor Level 1  
  90  8:15  Mutalisk x2  
  90  8:16  Mutalisk  
  60  9:00  Mutalisk  
  60  9:01  Mutalisk x5  
  60  9:02  Mutalisk  
  74  9:28  Spore Crawler x2  
  72  9:54  Mutalisk x5  
  72  9:55  Mutalisk x2  
  86  10:01  Zerg Flyer Weapons Level 2  
  86  10:20  Mutalisk x3  
  86  10:21  Mutalisk  
  92  10:52  Mutalisk x2  
  92  10:53  Mutalisk x4  
  100  11:08  Mutalisk x2  
  104  11:29  Mutalisk x3  
  98  11:46  Mutalisk x2  
  98  11:47  Mutalisk  
  102  12:20  Mutalisk  
  102  12:21  Mutalisk x3  
Show
View Real Time Build Order
Export as new Build Order

Kiko Protoss - Winner!

Build Orders: Nexus First 

Get SALT Encoding   

  12  0:04  Probe (Chrono Boost)  
  13  0:15  Probe (Chrono Boost)  
  14  0:29  Probe (Chrono Boost)  
  15  0:48  Nexus  
  15  0:55  Pylon  
  15  1:13  Probe (Chrono Boost)  
  16  1:20  Gateway  
  16  1:22  Forge  
  16  1:28  Pylon  
  16  1:38  Assimilator  
  16  1:45  Assimilator  
  16  1:50  Probe (Chrono Boost)  
  17  2:01  Probe (Chrono Boost)  
  18  2:11  Probe (Chrono Boost)  
  18  2:14  Cybernetics Core  
  19  2:22  Probe (Chrono Boost)  
  20  2:24  Probe (Chrono Boost)  
  20  2:29  Assimilator  
  21  2:32  Probe (Chrono Boost)  
  21  2:35  Probe (Chrono Boost)  
  23  2:43  Probe (Chrono Boost)  
  24  2:45  Probe (Chrono Boost)  
  25  2:56  Probe x2 (Chrono Boost)  
  27  3:05  Stargate  
  27  3:07  Probe x2 (Chrono Boost)  
  27  3:12  Photon Cannon  
  29  3:24  Stargate  
  29  3:27  Pylon  
  29  3:31  Probe (Chrono Boost)  
  30  3:35  Probe (Chrono Boost)  
  31  3:41  Probe (Chrono Boost)  
  32  3:50  Void Ray (Chrono Boost)  
  36  3:56  Probe (Chrono Boost)  
  36  3:58  Probe (Chrono Boost)  
  38  4:07  Probe (Chrono Boost)  
  38  4:08  Probe (Chrono Boost)  
  40  4:13  Void Ray (Chrono Boost)  
  44  4:19  Probe  
  44  4:32  Void Ray (Chrono Boost)  
  34  4:59  Void Ray (Chrono Boost)  
  38  5:22  Probe  
  39  5:34  Probe  
  39  5:35  Void Ray (Chrono Boost)  
  44  5:37  Protoss Air Weapons Level 1 (Chrono Boost)  
  44  5:46  Probe  
  45  5:58  Probe  
  46  6:10  Probe  
  47  6:26  Probe  
  48  6:34  Void Ray  
  48  6:38  Probe  
  53  6:47  Assimilator  
  53  6:50  Probe  
  54  7:03  Photon Cannon  
  54  7:04  Pylon  
  54  7:08  Pylon  
  54  7:10  Pylon  
  54  7:16  Pylon  
  54  7:17  Void Ray  
  58  7:23  Probe  
  58  7:26  Void Ray  
  63  7:32  Photon Cannon  
  63  7:35  Probe, Stargate  
  64  7:47  Probe  
  65  7:53  Nexus  
  64  7:59  Probe  
  65  8:22  Void Ray  
  65  8:27  Void Ray  
  65  9:28  Void Ray  
  61  9:34  Void Ray  
  49  10:03  Protoss Air Armor Level 1 (Chrono Boost), Void Ray  
  49  10:06  Void Ray  
  53  10:14  Probe  
  57  10:17  Void Ray  
  57  10:19  Probe  
  63  10:24  Probe  
  64  10:31  Probe, Fleet Beacon  
  64  10:34  Photon Cannon, Pylon  
  64  10:35  Probe  
  66  10:43  Probe, Stargate  
  66  10:45  Probe  
  68  10:51  Assimilator  
  68  10:53  Assimilator  
  68  10:56  Probe x2  
  70  11:06  Probe  
  70  11:08  Probe  
  70  11:09  Void Ray  
  70  11:10  Pylon  
  70  11:11  Pylon  
  72  11:14  Void Ray  
  72  11:17  Probe  
  80  11:22  Stargate  
  81  11:28  Probe  
  82  11:38  Probe  
  83  11:49  Probe  
  84  11:59  Probe  
Show
View Real Time Build Order
Export as new Build Order

Jhyrachy Zerg - Winner!

Build Orders: Pool First 

Get SALT Encoding   

  12  0:01  Drone  
  13  0:09  Drone  
  14  0:17  Extractor  
  14  0:19  Extractor, Drone  
  13  0:24  Drone  
  15  0:41  Spawning Pool  
  14  0:46  Overlord  
  14  1:05  Drone x2  
  14  1:06  Drone  
  17  1:19  Overlord  
  17  1:31  Zergling x2  
  18  1:37  Evolution Chamber  
  18  1:38  Metabolic Boost  
  17  1:46  Queen  
  20  1:47  Zergling x2  
  20  1:51  Zergling x2  
  21  1:59  Zergling x2  
  22  2:11  Zergling x2  
  23  2:29  Zergling x2  
  24  2:39  Zergling x2  
  24  2:43  Zergling x2  
  26  2:53  Zergling x2  
  26  2:58  Zergling x4, Overlord  
  29  3:03  Hatchery  
  28  3:20  Drone  
  28  3:22  Drone  
  30  3:56  Overlord, Drone x2  
  32  4:02  Spine Crawler  
  32  4:05  Spine Crawler  
  7  4:50  Drone x5  
  12  4:54  Queen  
  11  5:21  Drone x3  
  13  5:40  Drone  
  13  5:41  Drone x2  
  16  5:59  Drone  
  17  6:08  Drone  
  17  6:09  Drone x2  
  17  6:11  Drone  
  21  6:16  Extractor  
  21  6:18  Drone  
  21  6:30  Drone  
  22  6:45  Drone  
  22  6:46  Drone x2  
  25  6:57  Overlord  
  25  7:03  Lair  
  25  7:08  Drone  
  26  7:27  Hatchery  
  25  7:36  Drone  
  26  7:46  Drone x3  
  29  7:54  Drone x3  
  32  8:00  Queen  
  32  8:04  Drone  
  35  8:27  Hydralisk Den  
  35  8:31  Drone  
  35  8:32  Drone x3  
  35  8:33  Overlord  
  38  8:47  Drone x2  
  40  8:52  Queen  
  42  8:57  Drone x2  
  44  9:05  Muscular Augments  
  44  9:20  Zerg Missile Weapons Level 1  
  44  9:24  Drone  
  44  9:26  Drone x3  
  44  9:27  Drone x2  
  44  9:29  Extractor  
  49  9:31  Extractor  
  48  9:57  Drone x3  
  48  9:59  Overlord x2  
  51  10:09  Evolution Chamber  
  50  10:20  Hatchery  
  49  10:35  Hydralisk  
  49  10:36  Hydralisk x7  
  49  10:40  Pneumatized Carapace  
  65  11:17  Lurker Den  
  65  11:23  Queen  
  67  11:26  Hydralisk x5  
  67  11:27  Hydralisk x3  
  83  11:33  Overlord x2  
  83  11:34  Overlord  
  83  11:43  Queen  
  85  12:08  Spore Crawler  
  84  12:11  Hydralisk  
  84  12:12  Hydralisk x10  
  106  12:34  Infestation Pit  
Show
View Real Time Build Order
Export as new Build Order

leto Terran - Winner!

Build Orders: 1/1/1, Banshee Rush 

Get SALT Encoding   

  12  0:02  SCV  
  13  0:14  SCV  
  14  0:19  Supply Depot  
  14  0:26  SCV  
  15  0:32  Refinery  
  15  0:40  SCV  
  16  0:47  Barracks  
  16  0:52  SCV  
  17  1:02  Refinery  
  17  1:04  SCV  
  18  1:16  SCV  
  19  1:29  SCV  
  20  1:36  Marine, Factory  
  21  1:41  Orbital Command  
  21  2:08  SCV  
  22  2:10  Marine  
  22  2:15  Engineering Bay  
  23  2:24  Starport  
  23  2:29  Starport  
  23  2:44  Supply Depot  
  23  2:56  Missile Turret  
  23  3:02  Starport Tech Lab  
  23  3:06  Starport Tech Lab, SCV  
  24  3:17  Supply Depot  
  24  3:18  SCV  
  25  3:22  Banshee  
  25  3:23  Cloaking Field  
  25  3:24  Banshee  
  31  3:55  Command Center  
  31  4:28  Banshee x2  
  34  5:56  Viking x2  
  29  6:26  Viking x2  
  29  6:28  Starport, Missile Turret  
  29  6:31  Missile Turret x2  
  33  6:32  Starport  
  33  6:33  Starport  
  33  6:34  Orbital Command  
  33  6:37  SCV  
  34  6:49  SCV  
  34  6:51  Missile Turret  
  35  7:01  SCV  
  36  7:12  Refinery  
  36  7:14  SCV  
  37  7:17  Starport Reactor x3  
  37  7:24  SCV  
  37  7:26  SCV  
  39  7:33  Viking  
  39  7:34  Viking  
  39  7:36  Refinery  
  39  7:37  SCV  
  44  7:49  SCV  
  45  8:01  SCV  
  45  8:03  Viking  
  45  8:04  Viking  
  50  8:14  Viking x2  
  54  8:34  Viking  
  54  8:36  Viking  
  54  8:38  Viking  
  54  8:40  Viking  
  52  8:51  Viking  
  54  9:03  Supply Depot  
  54  9:04  Supply Depot x2  
  54  9:06  Supply Depot  
  54  9:07  Supply Depot  
  54  9:08  Supply Depot  
  54  9:24  Viking x3  
  54  9:25  SCV x2  
  62  9:36  Viking x5  
  62  9:37  SCV x2  
  66  9:49  SCV x2  
  56  9:54  Viking  
  58  10:00  Viking x2  
  58  10:05  Viking  
  64  10:07  Barracks Tech Lab  
  64  10:19  Command Center  
  64  10:24  SCV x2  
  66  10:34  Marauder  
  68  10:36  SCV x2  
  68  10:37  Concussive Shells  
  68  10:39  Terran Infantry Weapons Level 1  
  70  10:48  SCV x2  
  72  10:55  Marauder  
  74  11:09  Banshee  
  74  11:10  Banshee  
  80  11:13  Viking x3  
  80  11:17  Marauder  
  88  11:30  Barracks  
  88  11:36  Barracks  
  88  11:38  Barracks, Marauder  
  90  11:40  Orbital Command  
  90  11:45  SCV x2  
  92  11:57  SCV x2  
  92  11:59  Marauder  
  96  12:09  SCV x2  
  104  12:21  SCV x2  
  106  12:33  SCV  
Tags
 
Add a new tag
Caveats
  • Supply blocks, unpowered buildings, or Contaminate may cause inaccurate times.
  • Supply counts are checked every 10 seconds.